[Event "*** Titled Tuesday Blitz"]
[Site "Chess.com"]
[Date "2021.03.09"]
[Round "11"]
[White "kekic76"]
[Black "ehrenfeld"]
[Result "1/2-1/2"]
[WhiteElo "2364"]
[BlackElo "2486"]
[TimeControl "180+1"]
[EndTime "12:10:48 PST"]
[Termination "Game drawn by repetition"]

1. e4 e5 2. Nf3 Nc6 3. Bb5 a6 4. Ba4 Nf6 5. O-O Be7 6. Re1 b5 7. Bb3 d6 8. c3 O-O 9. h3 Na5 10.
Bc2 c5 11. d4 Qc7 12. Nbd2 Bd7 13. Nf1 Rfe8 14. Ng3 Nc4 15. b3 Nb6 16. Be3 a5 17. Qe2 a4 18. Rec1 axb3 19. axb3 h6 20. d5 Bf8 21.
Bd3 c4 22. Bxb6 cxd3 23. Bxc7 dxe2 24. Ba5 h5 25. h4 g6 26. Bb4 Ng4 27. Nxe2 f5 28.
Ng3 Be7 29. Ng5 Nf6 30. f3 f4 31. Ne2 Nh7 32. Nxh7 Kxh7 33. Kf1 Rg8 34. Ng1 Rgc8 35.
Ke2 g5 36. hxg5 Kg6 37. Kd3 Kxg5 38. Ne2 h4 39. Rh1 Rg8 40. Rhg1 Kf6 41. Rxa8 Rxa8 42. c4 bxc4+ 43. bxc4 Rg8 44. Kc3 Rg7 45. Kd3 Rg8 46.
Bc3 Bd8 47. Nxf4 Bb6 48. Rh1 Ke7 49. Ne2 Bf2 50. Be1 Rxg2 51. Bxf2 Rxf2 52. Rxh4 Rxf3+ 53. Kd2 Rf2 54. Rh7+ Kd8 55. Ke3 Rf1 56. Ng3 Re1+ 57.
Kd3 Rd1+ 58. Kc3 Rc1+ 59. Kd3 Rd1+ 60. Ke3 Re1+ 61. Kd3 Rd1+ 1/2-1/2

[Event "*** Titled Tuesday Blitz"]
[Site "Chess.com"]
[Date "2021.03.09"]
[Round "11"]
[White "tylityli"]
[Black "Kaslask"]
[Result "1-0"]
[WhiteElo "2263"]
[BlackElo "2334"]
[TimeControl "180+1"]
[EndTime "12:10:48 PST"]
[Termination "tylityli won by resignation"]

1. d4 Nf6 2. c4 g6 3. Nc3 Bg7 4.
e4 d6 5. Nge2 O-O 6. Ng3 c5 7.
d5 e6 8. Be2 exd5 9. cxd5 a6 10.
a4 Qa5 11. O-O b5 12. Bf4 b4 13. Nb1 Qc7 14. Nd2 Ne8 15. Nc4 a5 16. Rc1 Ba6 17. b3 Bxc4 18. Bxc4 Nd7 19. Qd2 Ne5 20. Bh6 Nxc4 21.
Rxc4 Nf6 22. Bxg7 Kxg7 23. Rfc1 Rfe8 24. Qb2 Qe7 25. f4 Kg8 26. Qf2 Ng4 27. Qf3 Qh4 28.
h3 Nh6 29. f5 Qg5 30. f6 Re5 31. Rf1 Rae8 32. Qf4 Qxf4 33. Rxf4 Kf8 34. h4 Ng8 35. Kf2 h6 36. Rc1 h5 37. Kf3 Nh6 38. Rc4 Ng4 39. Rxg4 hxg4+ 40. Kxg4 Kg8 41. Kf4 Kh7 42. Kg4 Kh6 43. Kf3 g5 44. h5 g4+ 45. Kf4 Rg8 46.
Nf5+ Kxh5 47. Nxd6 Reg5 48. Nxf7 R5g6 49. e5 Rf8 50. Nd6 g3 51. Ne4 Rg4+ 52. Kf3 Kh4 53. Rxc5 Re8 54. e6 Rf8 55. f7 Rg7 56. Rc7 Kh5 57. Kf4 Kg6 58. Ke5 Rh7 59. Re7 Rd8 60. Re8 Rh5+ 61. Kf4 Rf5+ 62. Ke3 Rdxd5 63. f8=Q Rxf8 64.
Rxf8 Re5 65. Rg8+ Kh7 66. Rf8 Kg7 67. Rf3 Rxe6 68. Rxg3+ Kf8 69. Rg5 Rc6 70. Rc5 1-0

[Event "*** Titled Tuesday Blitz"]
[Site "Chess.com"]
[Date "2021.03.09"]
[Round "11"]
[White "BashirliSaadat"]
[Black "Alex-11211"]
[Result "0-1"]
[WhiteElo "2202"]
[BlackElo "2417"]
[TimeControl "180+1"]
[EndTime "12:10:49 PST"]
[Termination "Alex-11211 won by checkmate"]

1. e4 g6 2. d4 Bg7 3. Nc3 c5 4. Be3 Qb6 5. Nd5 Qa5+ 6. Bd2 Qd8 7. Be3 e6 8. Nc3 Qb6 9. Na4 Qa5+ 10. c3 d6 11. b3 b5 12. Nb2 Qxc3+ 13. Qd2 Qxd2+ 14.
Bxd2 a6 15. e5 Nc6 16. exd6 Nxd4 17. Bd3 Bb7 18. f3 Nf6 19. Ne2 Nd5 20. Nxd4 Bxd4 21. Rb1 Kd7 22. Be4 f5 23. Bd3 Kxd6 24. a4 Bc6 25. a5 Nc3 26. Bxc3 Bxc3+ 27. Ke2 Bxa5 28.
Rhd1 Kc7 29. Rdc1 Bb4 30. Nd1 e5 31. Ne3 Rad8 32. Rd1 Kb6 33. Bc2 Rd4 34. Rxd4 exd4 35. Nf1 Re8+ 36. Kf2 a5 37. Ng3 Bd5 38. Ne2 Kc6 39. Nf4 Bf7 40. Nd3 Bc3 41. Nf4 Bd2 42. Nd3 Be3+ 43. Kf1 c4 44. bxc4 Bxc4 45. Rd1 a4 46. f4 b4 47. Re1 b3 48. Bb1 a3 49.
Ke2 a2 50. Bxa2 bxa2 51. Kd1 a1=Q+ 52. Kc2 Qc3+ 53. Kb1 Bxd3+ 54. Ka2 Ra8# 0-1

[Event "*** Titled Tuesday Blitz"]
[Site "Chess.com"]
[Date "2021.03.09"]
[Round "11"]
[White "DarZay"]
[Black "allvim"]
[Result "1-0"]
[WhiteElo "2175"]
[BlackElo "2322"]
[TimeControl "180+1"]
[EndTime "12:10:51 PST"]
[Termination "DarZay won by resignation"]

1. e4 c5 2. Nf3 d6 3. d4 cxd4 4. Nxd4 Nf6 5. Nc3 a6 6. f3 e5 7. Nb3 h5 8. Be3 Be6 9. Qd2 Nbd7 10. Nd5 Bxd5 11. exd5 b5 12. O-O-O Rc8 13. Kb1 Qc7 14. g3 Be7 15. Bh3 O-O 16. f4 Rb8 17. Rhg1 Ng4 18.
Bxg4 hxg4 19. f5 Nb6 20. Bxb6 Qxb6 21. h3 Qd8 22. hxg4 Bg5 23. Qh2 f6 24. Qh5 Qe8 25.
Qh3 Qf7 26. Rh1 Bh6 27. Na5 Rbc8 28. Nc6 Rc7 29. Qg2 Rfc8 30. Rh4 Bg5 31. Rh5 Bh6 32. Rdh1 Re8 33. g5 fxg5 34. g4 e4 35. Qh2 Qxd5 36. Rxh6 gxh6 37. Qxh6 Rg7 38. Qh8+ Kf7 39. Qh5+ Kg8 40.
f6 Qxc6 41. Qh8+ Kf7 42. fxg7 Rxh8 43. gxh8=Q e3 44. Rf1+ Ke6 45. Qf6+ Kd5 46. Qf3+ Kc5 47. b4+ Kb6 48. Qxc6+ Kxc6 49. Re1 d5 50. Rxe3 d4 51. Rd3 Kd5 52. Kb2 Kc4 53. a3 Kd5 54. Kc1 Ke4 55.
Kd2 1-0

[Event "*** Titled Tuesday Blitz"]
[Site "Chess.com"]
[Date "2021.03.09"]
[Round "11"]
[White "CrushingKings"]
[Black "mikolka1985"]
[Result "1/2-1/2"]
[WhiteElo "2447"]
[BlackElo "2685"]
[TimeControl "180+1"]
[EndTime "12:10:52 PST"]
[Termination "Game drawn - insufficient material"]

1. e4 e5 2. Nf3 Nc6 3. Bc4 Bc5 4. c3 Nf6 5. d3 a6 6. O-O d6 7. Bb3 O-O 8. h3 Ba7 9. Nbd2 Ne7 10. Re1 Ng6 11.
Nf1 b5 12. Ng3 Bb7 13. Bg5 h6 14. Bd2 Ne7 15. Nh4 Bc8 16. Qf3 Kh7 17. d4 c5 18.
dxe5 dxe5 19. Rad1 Qc7 20. Bc2 c4 21. Nhf5 Nxf5 22. exf5 Bb7 23. Ne4 Bxe4 24. Bxe4 Rad8 25. Bc2 Rd7 26. Bc1 Re8 27. a4 e4 28. Qf4 e3 29.
Bxe3 Rxe3 30. Qxc7 Rxe1+ 31. Rxe1 Rxc7 32. axb5 axb5 33. Ra1 Rd7 34. Ra5 Rd2 35. Rxa7 Rxc2 36. Rxf7 Rxb2 37. Rb7 Kg8 38. g4 Ne4 39. h4 Nxf2 40. g5 hxg5 41.
hxg5 Nh3+ 42. Kf1 Nxg5 43. Rb8+ Kf7 44. Rb7+ Kf6 45. Ke1 Ne4 46. Kd1 Nxc3+ 47. Kc1 Rf2 48. Rb6+ Kxf5 49. Rf6+ Ke5 50. Rxf2 g5 51. Rg2 Ne4 52. Rb2 Nd6 53. Re2+ Kf5 54. Rd2 Ke5 55. Re2+ Kf4 56. Rd2 Ne4 57. Rb2 Nc3 58. Kc2 Ne2 59. Kd1 Nd4 60. Rd2 Nb3 61. Rd5 b4 62. Rb5 c3 63.
Rxb4+ Ke3 64. Rxb3 g4 65. Kc2 g3 66. Rxc3+ Kf2 67.
Rxg3 Kxg3 1/2-1/2

[Event "*** Titled Tuesday Blitz"]
[Site "Chess.com"]
[Date "2021.03.09"]
[Round "11"]
[White "Supernotar"]
[Black "AliKa2810"]
[Result "1/2-1/2"]
[WhiteElo "2712"]
[BlackElo "2556"]
[TimeControl "180+1"]
[EndTime "12:10:52 PST"]
[Termination "Game drawn by agreement"]

1. d4 d5 2. c4 c6 3. e3 Nf6 4.
Bd3 e5 5. Nc3 e4 6. Bc2 Bb4 7.
f3 O-O 8. fxe4 Nxe4 9. Ne2 Bxc3+ 10. bxc3 Bg4 11. Qd3 Nd7 12. O-O Bxe2 13. Qxe2 Nxc3 14. Qd3 Ne4 15. Ba3 Re8 16. cxd5 cxd5 17. Rf5 Ndf6 18.
Raf1 Rc8 19. Bb3 Rc3 20. Qe2 Qb6 21. Bb2 Rc7 22. g4 Nc3 23. Qf3 Nxa2 24. Bxa2 Qxb2 25. Bxd5 Qd2 26. e4 Qxd4+ 27. Kh1 Rc3 28. Qf4 Nxd5 29.
Rxd5 Qf6 30. Rf5 Qe6 31. Rxf7 h6 32. Rxb7 Qxe4+ 33. Qxe4 Rxe4 34. Rxa7 Rxg4 35. Rg1 Rxg1+ 36. Kxg1 Rc2 37. Rb7 Kh7 38. Rb6 h5 39. Rd6 g6 40.
Rd3 Kh6 41. Re3 h4 42. Re5 g5 43. Re4 Kh5 44. Rd4 Kg6 45. Rd5 Re2 46. Rc5 Kf6 47.
Rb5 Re5 48. Rb2 Kf5 49. Kg2 g4 50. Rf2+ Kg5 51. Rd2 Re4 52. Ra2 Kf4 53. Rf2+ Ke3 54.
Rf8 Rf4 55. Re8+ Kd3 56. Rh8 g3 57. hxg3 hxg3 58. Kxg3 Rd4 1/2-1/2

[Event "*** Titled Tuesday Blitz"]
[Site "Chess.com"]
[Date "2021.03.09"]
[Round "11"]
[White "GigaQuparadze"]
[Black "jposthuma"]
[Result "0-1"]
[WhiteElo "2933"]
[BlackElo "2692"]
[TimeControl "180+1"]
[EndTime "12:10:53 PST"]
[Termination "jposthuma won by resignation"]

1. e4 c6 2. d4 d5 3. Nc3 dxe4 4. Nxe4 Nf6 5. Nxf6+ gxf6 6. Nf3 Bg4 7. c3 Qc7 8. Bc4 e6 9. h3 Bh5 10. Qe2 Nd7 11. d5 cxd5 12. Bxd5 O-O-O 13. Be4 f5 14. Bc2 Bg7 15. Bd2 Ne5 16. O-O-O Nxf3 17. gxf3 Qc6 18. Qe3 Bxf3 19. Rhg1 Bxd1 20. Bxd1 Bd4 21. Qe2 Bb6 22.
Rg7 Rd7 23. Bg5 Qe4 24. Qf1 Bd8 25. Be3 Bf6 26. Rg1 Rhd8 27. Bc2 Qd5 28. Kb1 Kb8 29. a3 Qc6 30. Qe2 Rd5 31. Bc1 Rc5 32. Be3 Rxc3 33. Bf4+ Ka8 34. Rd1 Rxd1+ 35. Bxd1 Rc4 36. Be3 Qe4+ 37.
Ka2 Rc8 38. Qd2 Qd5+ 39. Qxd5 exd5 40. Kb1 Be5 41. Bc2 f4 42. Bd2 h6 43. Bf5 Rg8 44. Bg4 Kb8 45. Kc2 Kc7 46. b3 Bd6 47. a4 Rg5 48. Kd3 f5 49. Bf3 Kc6 50. Kd4 Bc5+ 51. Ke5 Bxf2 52. Bxd5+ Kc7 53. Bxf4 Bg3 54. Be6 Bxf4+ 55. Kxf4 Kd6 56. Bxf5 Kc5 57. h4 Rg1 58. Be6 Kb4 59. Kf5 a5 60. Bd5 b6 61. Kf4 Rd1 62.
Bg8 Rd4+ 63. Kg3 Ka3 64. h5 Rb4 65. Bf7 Rxb3+ 66. Kg4 Rb4+ 67. Kf5 Rxa4 68. Kg6 Rh4 69. Kxh6 b5 70. Kg5 Rh2 71. h6 Rxh6 72. Kxh6 Kb2 73. Kg5 b4 74. Kf4 a4 75. Ke3 b3 76. Kd4 a3 77. Kc4 a2 78. Kb5 a1=Q 79. Bxb3 Kxb3 0-1

[Event "*** Titled Tuesday Blitz"]
[Site "Chess.com"]
[Date "2021.03.09"]
[Round "11"]
[White "Saxar85"]
[Black "AlexPapasimakopoulos"]
[Result "1-0"]
[WhiteElo "2768"]
[BlackElo "2603"]
[TimeControl "180+1"]
[EndTime "12:10:54 PST"]
[Termination "Saxar85 won by resignation"]

1. Nf3 f5 2. g3 Nf6 3. Bg2 g6 4. b4 Bg7 5. Bb2 O-O 6. O-O Nc6 7.
b5 Na5 8. d3 a6 9. a4 b6 10.
Nbd2 Bb7 11. c4 d6 12. Qc2 e5 13. Bc3 h6 14. c5 e4 15. dxe4 Bxe4 16. Nxe4 Nxe4 17. Bxg7 Kxg7 18. cxb6 cxb6 19. Nd4 Qf6 20. Bxe4 fxe4 21. Qxe4 Rae8 22. Qd3 axb5 23. axb5 h5 24. Rac1 Rf7 25. e3 Re5 26. Nc6 Rc5 27. Rxc5 dxc5 28.
Nxa5 bxa5 29. Qc4 Qb6 30. Rc1 Rc7 31. e4 Qd6 32. Rb1 Qd4 33. Qe6 Qf6 34. Qxf6+ Kxf6 35. b6 Rb7 36. Rb5 a4 37. Rxc5 Rxb6 38. Ra5 Rb4 39. f3 Rb1+ 40. Kf2 Rb2+ 41. Ke3 Rb3+ 42. Ke2 Rb2+ 43.
Ke3 Rb3+ 44. Kf2 Rb2+ 45. Kg1 Rb1+ 46. Kg2 Rb2+ 47. Kh3 Ra2 48. f4 Kg7 49. Ra6 a3 50. e5 Kf7 51. Kh4 Rxh2+ 52. Kg5 a2 53. Ra7+ Ke6 54.
Kxg6 Rg2 55. Ra6+ Ke7 56. Kf5 Rxg3 57. Rxa2 h4 58. Ra7+ Kd8 59. Rh7 h3 60. Ke6 Rg6+ 61. Kd5 Rg3 62. f5 Ra3 63. e6 Ra5+ 64. Ke4 Ra4+ 65. Ke5 Rh4 1-0

[Event "*** Titled Tuesday Blitz"]
[Site "Chess.com"]
[Date "2021.03.09"]
[Round "11"]
[White "JimmmyZhang"]
[Black "Sanan_Sjugirov"]
[Result "0-1"]
[WhiteElo "2496"]
[BlackElo "2900"]
[TimeControl "180+1"]
[EndTime "12:10:56 PST"]
[Termination "Sanan_Sjugirov won on time"]

1. Nf3 Nf6 2. d4 b6 3. Nc3 Bb7 4. e3 g6 5. Bd3 c5 6. O-O Bg7 7. b3 O-O 8. Bb2 d5 9. Qe2 Nc6 10. dxc5 bxc5 11. Na4 Qa5 12. Bc3 Qc7 13. Nxc5 Bc8 14. b4 Bg4 15. h3 Bxf3 16. Qxf3 Ng4 17.
Qxg4 Bxc3 18. Rab1 Nxb4 19. Rxb4 Qxc5 20. Rb3 e6 21.
Rfb1 Rac8 22. Qa4 Rc7 23. Qb5 Qd6 24. Qa6 Qxa6 25. Bxa6 Ba5 26. Bd3 Bb6 27. a4 Rfc8 28. Rb5 Rc5 29. Rxc5 Rxc5 30. Rb5 Rc3 31. a5 Bc7 32. a6 Bb6 33. Kf1 Ra3 34. Rb3 Ra4 35. Ke2 Kf8 36. f3 Ke7 37. Bb5 Ra5 38. Bd3 Kd6 39. e4 dxe4 40. fxe4 Ra4 41. Kf3 f5 42.
exf5 gxf5 43. g4 fxg4+ 44. hxg4 h6 45. Rb1 e5 46. Rh1 Rf4+ 47. Kg3 Bf2+ 48. Kg2 Be3 49.
Rxh6+ Kd5 50. Rg6 e4 51. Bb5 Rf2+ 52. Kg3 Rxc2 53. Be8 Ke5 54. g5 Bf4+ 55. Kg4 Rg2+ 56. Kh5 e3 57. Rg7 Bxg5 58. Bb5 Kf5 59. Bd3+ Kf4 0-1

[Event "*** Titled Tuesday Blitz"]
[Site "Chess.com"]
[Date "2021.03.09"]
[Round "11"]
[White "Kobalia"]
[Black "Pilopa"]
[Result "0-1"]
[WhiteElo "2726"]
[BlackElo "2587"]
[TimeControl "180+1"]
[EndTime "12:10:56 PST"]
[Termination "Pilopa won on time"]

1. e4 Nc6 2. Nf3 d6 3. d4 Nf6 4. Bd3 g6 5. c3 Bg7 6. O-O O-O 7. Re1 e5 8. h3 h6 9. Bb5 Nh5 10. Bxc6 bxc6 11. dxe5 dxe5 12. Qxd8 Rxd8 13. Be3 f5 14. Nbd2 f4 15. Bc5 g5 16. Nc4 Re8 17. Na5 Bf6 18.
Nxc6 Ng7 19. Rad1 Ne6 20. Bb4 Ng7 21. b3 h5 22. Rd5 Bb7 23. Rc5 Ne6 24. Rc4 Ba6 25.
Nfxe5 Bxe5 26. Nxe5 Bxc4 27. Nxc4 Rad8 28. a4 Rb8 29.
Na5 c5 30. Ba3 Rbd8 31. Nc6 Rd3 32. Nxa7 Rxc3 33. Rb1 Nd4 34. Nb5 Nxb5 35. axb5 Rb8 36. h4 g4 37. Bc1 Rxb5 38. Bxf4 Rcxb3 39. Rxb3 Rxb3 40. Kf1 Kf7 41. Ke2 Ke6 42. Be3 c4 43. f3 Rb2+ 44. Kf1 gxf3 45. gxf3 Ke5 46. Ke1 c3 47.
Kd1 Rh2 48. Kc1 Rh3 49. Kc2 Rxf3 50. Bh6 Kxe4 51. Bg7 Kf5 52. Bxc3 Kg4 53. Be1 Rf1 54. Kd1 Kf3 55. Kd2 Rg1 56. Kd1 Rg2 57. Kc1 Rh2 58.
Kd1 Ke3 0-1

[Event "*** Titled Tuesday Blitz"]
[Site "Chess.com"]
[Date "2021.03.09"]
[Round "11"]
[White "ShimanovAlex"]
[Black "elohunter1999"]
[Result "1-0"]
[WhiteElo "2797"]
[BlackElo "2630"]
[TimeControl "180+1"]
[EndTime "12:10:57 PST"]
[Termination "ShimanovAlex won on time"]

1. e4 c6 2. b3 d5 3. Bb2 dxe4 4. Nc3 Nf6 5. Qe2 Bf5 6. O-O-O e6 7. f3 exf3 8. Nxf3 Be7 9. h3 Nbd7 10. g4 Bg6 11. Bg2 Qa5 12. Kb1 O-O-O 13. d4 Bb4 14. Na4 Kb8 15.
a3 Be7 16. Ka2 Rhe8 17. c4 Ka8 18. Rhe1 Bf8 19. Rd2 Qc7 20. Nh4 Nb6 21. Nc5 Nbd7 22. b4 Nxc5 23. dxc5 Rxd2 24. Qxd2 Rd8 25. Qf2 Bd3 26.
Kb3 Qd7 27. Qe3 Be7 28. Nf3 Bg6 29. Ne5 Qc8 30. h4 Nd7 31. h5 Nxe5 32. Qxe5 Bd3 33. Qxg7 Qd7 34. Qc3 Bf6 35. Qc1 Bxb2 36. Kxb2 Qd4+ 37.
Qc3 Qf2+ 38. Kb3 Qxg2 39. Rd1 Qf3 40. Rd2 e5 41. b5 e4 42. b6 a6 43. Kb4 Qf1 44. Ka5 Qb1 45. Qf6 Rb8 46. Qd4 Qe1 47.
Qc3 Bxc4 48. a4 e3 49. Rc2 Qxc3+ 50. Rxc3 e2 51. Re3 Bd3 52. g5 Rg8 53. h6 Kb8 54. Re7 Kc8 55. Re3 Kd7 56. Rxd3+ Ke6 57. Re3+ Kd5 58. Rxe2 Kxc5 59. Re7 Rxg5 60. Rxb7 Kc4+ 61. Kxa6 Kb4 62. Rxf7 Ra5+ 63. Kb7 Kxa4 64. Rxh7 c5 65. Rc7 Kb4 66. h7 c4 67. h8=Q Rb5 68. Qb2+ 1-0

[Event "*** Titled Tuesday Blitz"]
[Site "Chess.com"]
[Date "2021.03.09"]
[Round "11"]
[White "Harry_Rakkel"]
[Black "Kislov_Oleg"]
[Result "1-0"]
[WhiteElo "2637"]
[BlackElo "2487"]
[TimeControl "180+1"]
[EndTime "12:10:59 PST"]
[Termination "Harry_Rakkel won by resignation"]

1. d4 Nf6 2. c4 e6 3. Nc3 d5 4.
cxd5 exd5 5. Bg5 Be7 6. e3 O-O 7. Bd3 c6 8. Qc2 h6 9. Bh4 Re8 10. Nf3 Ne4 11. Bg3 Nxg3 12. hxg3 Nd7 13. O-O Nf6 14.
Rab1 Bd6 15. b4 a6 16. a4 Qe7 17. b5 axb5 18. axb5 c5 19. dxc5 Bxc5 20. Ne2 Ne4 21. Bxe4 dxe4 22. Nfd4 b6 23. Nc6 Qf6 24. Nc3 Bb7 25.
Nd5 Qd6 26. Rfd1 Bxc6 27. Nxb6 Qe7 28. bxc6 Ra6 29. Nd5 Qd6 30. Rb7 Rxc6 31. Ne7+ Qxe7 32. Rxe7 Rxe7 33. Rd8+ Kh7 34. Rd5 Rec7 35. Qxe4+ g6 36. Rd7 Rxd7 37. Qxc6 Rd1+ 38. Kh2 Bf8 39. Qc7 Kg8 40.
e4 h5 41. e5 Rd2 42. f4 Re2 43. Kh3 Re3 44. Kh2 Re2 45. Qd7 Re1 46. g4 hxg4 47.
Qxg4 Re3 48. Qd7 Bg7 49. Kg1 Re1+ 50. Kf2 Re4 51. Kf3 Re1 52. Qd8+ Bf8 53. g4 Rf1+ 54.
Ke4 Re1+ 55. Kf3 Rf1+ 56. Kg3 Re1 57. Qe8 Re3+ 58. Kf2 Re1 59. Kxe1 1-0

[Event "*** Titled Tuesday Blitz"]
[Site "Chess.com"]
[Date "2021.03.09"]
[Round "11"]
[White "Oglob71"]
[Black "Grandmaster2B"]
[Result "0-1"]
[WhiteElo "2406"]
[BlackElo "2564"]
[TimeControl "180+1"]
[EndTime "12:11:02 PST"]
[Termination "Grandmaster2B won on time"]

1. d4 Nf6 2. Nf3 e6 3. c4 Bb4+ 4. Nbd2 b6 5. g3 Bb7 6. Bg2 O-O 7. O-O Bxd2 8. Bxd2 d6 9. Rc1 Nbd7 10. b3 Re8 11. Bc3 Qe7 12. Bb2 a5 13. Re1 Be4 14.
Qd2 h6 15. Bh3 Kh8 16. Qc3 c5 17. Nd2 Bb7 18. e4 cxd4 19. Qxd4 Nc5 20. Bg2 Rad8 21. Rcd1 Rg8 22. f3 Nfd7 23. Nb1 Ne5 24. Nc3 Nc6 25.
Qf2 Nb4 26. Ba1 Nbd3 27. Qd4 Nxe1 28. Rxe1 Kh7 29. Nb5 Bc6 30. Nc3 Qf6 31. Qd2 Qe7 32.
h4 Qb7 33. Kh2 d5 34. cxd5 exd5 35. exd5 Bxd5 36. Qc2+ Kh8 37. Nxd5 Qxd5 38. Re7 Rd7 39. f4 Qd1 40. Qxd1 Rxd1 41. Be5 Rd2 42. Rxf7 Nd3 43.
Rb7 Ne1 44. Rxb6 Rxg2+ 45. Kh3 Kh7 46. h5 Re2 47. Rb7 Nd3 48. Bd4 Re4 49. Bc3 a4 50. b4 Rc4 51. Bd2 Rc2 52. Be3 Re2 53. Bd4 Rxa2 54. b5 Re2 55. Ra7 Re4 56. Bc3 Rc4 57. Ba1 Rb4 58. b6 Rxb6 59. Rxa4 Rb5 60. g4 Rb4 61. Rxb4 Nxb4 62. g5 hxg5 63. fxg5 Ra8 64. Be5 Nc6 65. g6+ Kh6 66. Bc3 Ra3 67. Kg4 Rxc3 68. Kh4 Rc4+ 69. Kg3 Kxh5 0-1

[Event "*** Titled Tuesday Blitz"]
[Site "Chess.com"]
[Date "2021.03.09"]
[Round "11"]
[White "Slovak_fighter2000"]
[Black "Kildepiotr"]
[Result "0-1"]
[WhiteElo "2418"]
[BlackElo "2560"]
[TimeControl "180+1"]
[EndTime "12:11:05 PST"]
[Termination "Kildepiotr won by resignation"]

1. d4 c5 2. dxc5 e6 3. Nc3 Bxc5 4. Ne4 Nf6 5. Nxc5 Qa5+ 6. c3 Qxc5 7. Be3 Qc7 8. g3 d5 9. Bg2 Nc6 10. Nf3 O-O 11. O-O h6 12. Rc1 e5 13. Bc5 Rd8 14. Ba3 Bg4 15. Qa4 a6 16. h3 b5 17. Qc2 Be6 18. Bc5 Na5 19. Be3 Rac8 20. Bd2 Nc4 21. b3 Nxd2 22. Nxd2 d4 23. c4 Qc5 24. Qd3 b4 25. Ne4 Nxe4 26. Qxe4 f5 27. Qh4 e4 28. Kh2 Kh7 29. Qf4 g5 30. Qd2 e3 31.
Qd3 exf2 32. Rxf2 Kg7 33. Re1 a5 34. e3 dxe3 35. Qxe3 Qxe3 36. Rxe3 Kf6 37. Ree2 Rd3 38. Be4 Rd4 39. Bxf5 Bxf5 40. g4 Rc5 41. gxf5 Rxf5 42. Rxf5+ Kxf5 43. Kg3 Rd3+ 44. Kg2 h5 45. Rc2 g4 46. hxg4+ hxg4 47. Rf2+ Ke4 48. Re2+ Kd4 49. Kf2 Kc3 50. Re5 Rd2+ 51. Re2 Rd4 52. Re5 a4 53. bxa4 Rxc4 54. a5 Kb2 55. Re2+ Ka3 56. a6 Rc6 57. Kg3 Rxa6 58. Kxg4 Rf6 59. Kg3 Rf1 60. Re7 Kxa2 61. Ra7+ Kb2 62. Kg2 Rf6 63. Rc7 b3 64. Kg3 Ka2 65. Kg2 b2 66. Ra7+ Kb1 67. Rc7 Ra6 0-1

[Event "*** Titled Tuesday Blitz"]
[Site "Chess.com"]
[Date "2021.03.09"]
[Round "11"]
[White "Diamantidis_13"]
[Black "Frogo47"]
[Result "1-0"]
[WhiteElo "2385"]
[BlackElo "2502"]
[TimeControl "180+1"]
[EndTime "12:11:07 PST"]
[Termination "Diamantidis_13 won by resignation"]

1. d4 Nf6 2. c4 g6 3. Nc3 Bg7 4. e4 d6 5. Nf3 O-O 6. h3 e5 7. d5 a5 8. Bg5 Na6 9. g4 Bd7 10. Nd2 Nc5 11. Be2 a4 12. a3 c6 13.
Qc2 Qb6 14. Kf1 Rfc8 15. Kg2 cxd5 16. cxd5 Nb3 17. Nxb3 axb3 18. Qd3 Qd4 19. Be3 Qxd3 20. Bxd3 Be8 21. Rac1 Nd7 22. Nb5 Bf8 23. Nc7 Rab8 24.
Nxe8 Rxe8 25. Bb5 Red8 26. Bxd7 Rxd7 27. Rc3 f5 28. f3 Ra8 29. Rhc1 Ra4 30. exf5 gxf5 31.
Rxb3 e4 32. f4 Bg7 33. Rc8+ Kf7 34. Rb8 Ra5 35. R8xb7 Rxb7 36. Rxb7+ Kg8 37. b4 Rxa3 38. Bf2 Rd3 39. b5 Rxd5 40. b6 Rb5 41. Rc7 Rb2 42.
b7 Bd4 43. Rc8+ Kf7 44. b8=Q Rxf2+ 45. Kg3 Rf3+ 46. Kg2 Rf2+ 47. Kg3 Rf3+ 48. Kh4 Bf6+ 49. g5 Rxf4+ 50. Kh5 Be5 51. Qc7+ Ke6 52. Re8+ Kd5 53. Qb7+ Kd4 54. Qb4+ Ke3 55. Rxe5 Kf3 56. Qc3+ e3 57. Rxe3+ Kg2 58. Qd2+ Rf2 59. Re2 Rxe2 60. Qxe2+ Kg3 61.
Qd3+ Kg2 62. Qxf5 Kg3 63. Qxh7 d5 64. Qg6 d4 65. Qd6+ Kg2 66. Qxd4 Kg3 67. Qg4+ Kf2 68. g6 1-0

[Event "*** Titled Tuesday Blitz"]
[Site "Chess.com"]
[Date "2021.03.09"]
[Round "11"]
[White "MustafayevFarid2004"]
[Black "mbojan"]
[Result "1-0"]
[WhiteElo "2474"]
[BlackElo "2608"]
[TimeControl "180+1"]
[EndTime "12:11:09 PST"]
[Termination "MustafayevFarid2004 won by checkmate"]

1. d4 Nf6 2. c4 c5 3. d5 b5 4. a4 Qa5+ 5. Bd2 b4 6. f3 d6 7. e4 g6 8. Bg5 Bg7 9. Nd2 Nbd7 10. Bd3 Bb7 11. Ne2 h6 12. Bf4 g5 13. Be3 Ne5 14.
Qb3 O-O-O 15. O-O Qc7 16. h3 a5 17. f4 gxf4 18. Bxf4 Nfd7 19. Rab1 Rdg8 20. Nf3 Nxf3+ 21. Rxf3 Kb8 22. Rbf1 Bc8 23. Kh1 Bf6 24. Bh2 h5 25. e5 Bxe5 26. Rxf7 Bxh2 27. Kxh2 Ne5 28. R7f4 Qd8 29.
Re4 Rg5 30. Nf4 h4 31. Qd1 Rhg8 32. Qe2 Qe8 33. Bb1 Qxa4 34. Nd3 Rxg2+ 35. Qxg2 Rxg2+ 36.
Kxg2 Nxd3 37. Bxd3 Qb3 38. Rf3 Qxb2+ 39. Re2 Qg7+ 40.
Kf2 a4 41. Bb1 a3 42. Ba2 Qd4+ 43. Kg2 Qg7+ 44. Kf2 Kc7 45. Bb3 Kd8 46. Rfe3 Bd7 47. Rf3 Be8 48. Rfe3 Bh5 49. Rd2 Qf6+ 50. Ke1 Qf4 51.
Rdd3 Bg6 52. Rf3 Qc1+ 53. Rd1 Bd3 54. Rxc1 Be4 55. Re3 Bf5 56. Kf2 Bd7 57. Rce1 Bf5 58. Rxe7 Bxh3 59. Rh7 Bd7 60. Rxh4 a2 61. Bxa2 Kc7 62.
Re7 b3 63. Bxb3 Kb6 64. Rxd7 Ka5 65. Rb7 Ka6 66. Rb5 Ka7 67. Rh6 Ka6 68. Rh1 Ka7 69. Ra1# 1-0

[Event "*** Titled Tuesday Blitz"]
[Site "Chess.com"]
[Date "2021.03.09"]
[Round "11"]
[White "BahadirOzen"]
[Black "MITerryble"]
[Result "0-1"]
[WhiteElo "2774"]
[BlackElo "2947"]
[TimeControl "180+1"]
[EndTime "12:11:12 PST"]
[Termination "MITerryble won on time"]

1. g3 d5 2. Bg2 Nf6 3. Nf3 c6 4. c4 Bg4 5. cxd5 cxd5 6. Ne5 Be6 7. O-O Nc6 8. Nxc6 bxc6 9. Qa4 Bd7 10. d3 e6 11. Nd2 Be7 12. Nf3 O-O 13. Ne5 c5 14. Nxd7 Nxd7 15. Bf4 Bf6 16. Rab1 Be5 17. Be3 Bd6 18.
Rfc1 Qe7 19. a3 a5 20. Bd2 Nb6 21. Qg4 f5 22. Qh5 f4 23. Bf3 Nd7 24. Bc3 Rf5 25.
Qh3 Rg5 26. Kh1 Rf8 27. Rg1 Ne5 28. Bxe5 Bxe5 29. gxf4 Rxg1+ 30. Rxg1 Rxf4 31. Bg4 Rxf2 32. Bxe6+ Kh8 33. Rg2 Rf1+ 34. Rg1 Rf2 35. Rg2 Rxg2 36. Kxg2 Qg5+ 37. Qg4 Qxg4+ 38. Bxg4 Bxb2 39. a4 c4 40. dxc4 dxc4 41. Bf5 c3 42. Kf3 g6 43. Bc2 Kg7 44. Kf4 Ba3 45. h3 Kf6 46. e3 Bd6+ 47. Kf3 Kg5 48.
Bb3 Kh4 49. Kg2 Bc5 50. e4 Bd6 51. Bd1 Be5 52. Bc2 Kg5 53. Kf3 Kf6 54. Bb3 Ke7 55. Ke3 Kf6 56. Kf3 h5 57. Bc2 Kg5 58. Bb3 Kh4 59. Kg2 g5 60. Bd1 g4 61. hxg4 hxg4 62.
Bb3 Kg5 63. Kf2 Kf4 64. Ke2 g3 65. Kf1 Kxe4 0-1

[Event "*** Titled Tuesday Blitz"]
[Site "Chess.com"]
[Date "2021.03.09"]
[Round "11"]
[White "moro182"]
[Black "BigAl"]
[Result "1-0"]
[WhiteElo "2718"]
[BlackElo "2532"]
[TimeControl "180+1"]
[EndTime "12:11:12 PST"]
[Termination "moro182 won by checkmate"]

1. d4 g6 2. c4 Bg7 3. Nc3 Nf6 4.
e4 O-O 5. Bd3 d6 6. Nge2 Nc6 7.
Bc2 e5 8. d5 Nb4 9. Bb1 a5 10.
O-O Nh5 11. a3 Na6 12. Be3 f5 13. exf5 gxf5 14. Ng3 Nf4 15. Nb5 Kh8 16. Bc2 Qh4 17. c5 Rf6 18. Qf3 dxc5 19. Rad1 Bd7 20. Nc3 Raf8 21.
Bxf4 exf4 22. Nge2 Rh6 23. Qxf4 Qxf4 24. Nxf4 Be5 25. Nh3 f4 26. Ng5 Rh5 27. Nf3 Bd6 28. Rfe1 Rg8 29. Kh1 Bg4 30. Be4 c4 31. Nb5 Nc5 32. Nbd4 h6 33. h3 Bxh3 34. gxh3 Rxh3+ 35. Nh2 f3 36. Nxf3 Rg4 37. Bf5 Rxh2+ 38. Nxh2 Rh4 39. f4 Bxf4 40. Re8+ Kg7 41. Re2 Kf6 42. Bc2 Be5 43. Rf1+ Bf4 44. Ref2 Ke5 45. Kg1 Rh3 46. Rxf4 c3 47.
Rf5+ Kd6 48. bxc3 Rxc3 49. Rf6+ Ke5 50. Bb1 Rb3 51. Ng4+ Kd4 52. R6f4+ Kc3 53. R4f3+ Kb2 54. Rxb3+ Nxb3 55. Nxh6 Kxa3 56. Be4 Nc5 57. Bf3 b5 58. Nf5 b4 59. Nd4 b3 60. Nb5+ Kb4 61. Nxc7 a4 62. d6 a3 63. Na6+ Nxa6 64. d7 b2 65. d8=Q a2 66. Qd4+ Ka3 67. Qc3+ Ka4 68. Bc6# 1-0